 Dungeon Crawl Stone Soup version 0.21.1-1-g345015f (webtiles) character file.

473 shakethe the Chopper (level 7, -7/57 HPs)
             Began as a Hill Orc Abyssal Knight on Feb 5, 2018.
             Was a Believer of Lugonu.
             Mangled by an orc warrior
             ... wielding a +0 trident
              (18 damage)
             ... on level 5 of the Dungeon.
             The game lasted 00:12:48 (5789 turns).

shakethe the Chopper (Hill Orc Abyssal Knight)      Turns: 5789, Time: 00:12:49

Health: -7/57      AC: 11    Str: 16 (17) XL:     7   Next: 10%
Magic:  19/19      EV:  9    Int: 11 (12) God:    Lugonu [**....]
Gold:   420        SH:  0    Dex:  9 (10) Spells: 6/6 levels left

rFire    + . .     SeeInvis .   q - +0 war axe
rCold    . . .     Gourm    .   (no shield)
rNeg     . . .     Faith    .   o - +0 scale mail
rPois    .         Spirit   .   n - +0 helmet
rElec    .         Reflect  .   (no cloak)
rCorr    .         Harm     .   (no gloves)
MR       .....                  E - +2 pair of boots
Stlth    ..........             B - amulet of magic regeneration
HPRegen  0.19/turn              s - ring of protection from fire
MPRegen  0.41/turn              x - ring of magical power

@: no status effects
A: no striking features
a: Depart the Abyss, Bend Space, Renounce Religion


You were on level 5 of the Dungeon.
You worshipped Lugonu.
Lugonu was pleased with you.
You were very hungry.

You visited 1 branch of the dungeon, and saw 6 of its levels.
You visited the Abyss 1 time.

You collected 420 gold pieces.

Inventory:

Hand Weapons
 a - a +1 hand axe
 q - a +0 war axe (weapon)
Armour
 b - a +0 leather armour
 n - a +0 helmet (worn)
 o - a +0 scale mail (worn)
 A - the +1 robe "Siutu" {rC- Regen+ rCorr}
   (You found it on level 4 of the Dungeon)

   It makes you vulnerable to cold.
   It increases your rate of regeneration.
   It protects you from acid and corrosion.
 E - a +2 pair of boots (worn)
Jewellery
 s - a ring of protection from fire (left hand)
 t - an uncursed ring of resist corrosion
 x - a ring of magical power (right hand)
 B - an amulet of magic regeneration (around neck)
Wands
 y - a wand of random effects (30)
 C - a wand of polymorph (9)
Scrolls
 f - 5 scrolls of identify
 h - 3 scrolls of remove curse {unknown}
 j - 4 scrolls of teleportation {unknown}
 k - a scroll of immolation {unknown}
 m - 2 scrolls of fear {unknown}
 r - a scroll of magic mapping {unknown}
 u - 2 scrolls of amnesia {unknown}
 v - 2 scrolls of enchant armour {unknown}
 D - a scroll of blinking {unknown}
Potions
 d - a potion of invisibility {unknown}
 e - 2 potions of degeneration
 g - a potion of ambrosia {unknown}
 i - 7 potions of curing
 l - 3 potions of haste {unknown}
 p - 3 potions of mutation {unknown}
 w - 2 potions of berserk rage {unknown}
 z - a potion of flight {unknown}
Comestibles
 c - 9 rations


   Skills:
 - Level 3.6 Fighting
 * Level 7.2 Axes
 + Level 4.4 Armour
 - Level 0.7 Dodging
 + Level 5.2 Invocations


You had 6 spell levels left.
You didn't know any spells.

Dungeon Overview and Level Annotations

Branches:
Dungeon (6/15)
 Temple: D:4-7

Altars:
Sif Muna


Message History

The orc warrior hits you with a trident.
* * * LOW HITPOINT WARNING * * *
You climb upwards.
There is a stone staircase leading down here.
The orc warrior hits you from afar with a trident.
* * * LOW HITPOINT WARNING * * *
Space bends around you!
You blink.
Things that are here:
a ring mail; a dagger; a mace A kobold comes into view.
It is wielding a whip.
The kobold shouts!
The kobold drinks a potion.
The kobold suddenly seems more agile.
The orc warrior hits you but does no damage.
The orc warrior hits you from afar with a trident!
* * * LOW HITPOINT WARNING * * *
There is an escape hatch in the floor here.
You are feeling very hungry.
The orc warrior hits you but does no damage.
The orc warrior hits you from afar with a trident!!
You die...

##..##...# ##..##
##... #####...##
#...# #...
#.##...## ##..##
##.. #.#....##
#..## #.. ###....##
##..# ##.
##..##K.### #..##
#.
#.#####.o.####..#
## ### ###...#..##
#### ##@....#
#####...
##....#####.......
##..............##
##..........######
##..........##
##..........##
#####..........##
#.##...........###
#.......####.....##


You could see an orc warrior and a kobold.

Vanquished Creatures
  The ghost of letownia3 the Conjurer, an amateur DsWz (D:3)
  A centaur zombie (D:5)
  A hound (D:5)
  An orc priest (D:3)
  2 orc wizards
  Ijyb (D:3)
  An iguana (D:5)
  A worker ant (D:4)
  4 adders
  4 gnolls (D:5)
  A shadow imp (D:5)
  An ooze (D:4)
  An adder skeleton (D:4)
  A worm (D:5)
  3 dart slugs
  2 leopard geckos
  12 orcs
  11 bats
  2 giant cockroaches
  A goblin (D:3)
  3 hobgoblins (D:1)
  8 jackals
  7 frilled lizards
  A kobold (D:2)
  A leopard gecko skeleton (D:4)
  A quokka zombie (D:5)
  4 rats
77 creatures vanquished.

Vanquished Creatures (others)
  2 orc wizards (D:4)
2 creatures vanquished.

Grand Total: 79 creatures vanquished

Notes
Turn   | Place    | Note
-------+----------+-------------------------------------------
     0 | Abyss:1  | shakethe the Hill Orc Abyssal Knight began the quest for the Orb.
     0 | Abyss:1  | Reached XP level 1. HP: 19/19 MP: 2/2
     0 | D:1      | Escaped the Abyss
    60 | D:1      | Reached skill level 3 in Axes
   106 | D:1      | Reached * piety under Lugonu
   139 | D:1      | Reached XP level 2. HP: 21/26 MP: 4/4
   816 | D:2      | Reached XP level 3. HP: 30/31 MP: 5/5
  1563 | D:3      | Reached skill level 4 in Axes
  1757 | D:3      | Reached XP level 4. HP: 27/39 MP: 6/6
  2241 | D:3      | Noticed Ijyb
  2606 | D:4      | Got a silken robe
  2644 | D:4      | Found a deep blue altar of Sif Muna.
  2969 | D:5      | Entered Level 5 of the Dungeon
  2981 | D:5      | Reached ** piety under Lugonu
  2981 | D:5      | Reached skill level 5 in Axes
  2981 | D:5      | Reached XP level 5. HP: 17/45 MP: 7/7
  3770 | D:4      | Reached skill level 6 in Axes
  3770 | D:4      | Reached XP level 6. HP: 22/51 MP: 7/9
  3789 | D:4      | Identified the +1 robe "Siutu" {rC- Regen+ rCorr} (You found it on level 4 of the Dungeon)
  4925 | D:3      | Killed Ijyb
  5034 | D:3      | Noticed letownia3's ghost (amateur DsWz)
  5049 | D:3      | Killed letownia3's ghost
  5049 | D:3      | Reached skill level 5 in Invocations
  5147 | D:3      | Found a faded altar of an unknown god.
  5211 | D:3      | Reached skill level 7 in Axes
  5211 | D:3      | Reached XP level 7. HP: 53/57 MP: 10/10
  5789 | D:5      | Mangled by an orc warrior

Skill      XL: |  1  2  3  4  5  6 |
---------------+-------------------+-----
Axes           | 3 4 5 6 7 |  7.2
Invocations    | 3 4 5 |  5.2
Armour         | 3 4 |  4.4
Fighting       | |  3.6
Dodging        | |  0.7

Action                   |  1- 3 |  4- 6 |  7- 9 || total
-------------------------+-------+-------+-------++-------
Melee: Hand axe          |    70 |       |       ||    70
       War axe           |    35 |   142 |    23 ||   200
       Unarmed           |       |     8 |       ||     8
Invok: Depart the Abyss  |     1 |       |       ||     1
       Bend Space        |       |     1 |     1 ||     2
  Use: Potion            |       |     2 |       ||     2
       Scroll            |       |     1 |       ||     1
  Eat: Chunk             |     3 |     6 |     2 ||    11
       Ration            |       |     1 |       ||     1
Armor: Leather armour    |    16 |       |       ||    16
       Scale mail        |    34 |    72 |    16 ||   122
       Skin              |       |     1 |       ||     1
Dodge: Dodged            |    95 |    88 |    15 ||   198
